 Dungeon Crawl Stone Soup version 0.23.0-3-gf3c87f2df8 (webtiles) character file.

Game seed: 8206191100130341067

9 Esekla the Magician (level 2, 0/15 HPs)
             Began as a Deep Elf Wanderer on Feb 20, 2019.
             Slain by a jackal (1 damage)
             ... on level 1 of the Dungeon.
             The game lasted 00:05:47 (145 turns).

Esekla the Magician (Deep Elf Wanderer)              Turns: 145, Time: 00:05:48

Health: 0/15       AC:  2    Str:  8    XL:     2   Next: 3%
Magic:  3/9        EV: 12    Int: 18    God:
Gold:   25         SH:  0    Dex: 13    Spells: 7/9 levels left

rFire    . . .     SeeInvis .   e - +0 dagger
rCold    . . .     Gourm    .   (no shield)
rNeg     . . .     Faith    .   d - +0 robe
rPois    .         Spirit   .   (no helmet)
rElec    .         Reflect  .   (no cloak)
rCorr    .         Harm     .   (no gloves)
MR       .....                  (no boots)
Stlth    +.........             (no amulet)
HPRegen  0.05/turn              (no ring)
MPRegen  0.11/turn              (no ring)

@: very slightly contaminated
A: no striking features
a: no special abilities


You were on level 1 of the Dungeon.
You were not hungry.

You visited 1 branch of the dungeon, and saw 1 of its levels.

You collected 25 gold pieces.

Inventory:

Hand Weapons
 e - a +0 dagger (weapon)
Armour
 d - a +0 robe (worn)
Potions
 c - a potion of curing
Comestibles
 f - a ration


   Skills:
 * Level 0.3 Short Blades
 * Level 1.1 Dodging
 - Level 4.4 Spellcasting
 * Level 1.1 Conjurations
 + Level 1.5 Charms
   Level 2.1 Translocations
 + Level 2.0 Air Magic
   Level 2.1 Evocations


You had 7 spell levels left.
You knew the following spells:

 Your Spells              Type           Power        Failure   Level  Hunger
a - Infusion              Chrm           #...         8%          1    None
e - Shock                 Conj/Air       #...         8%          1    None

Your spell library contained the following spells:

 Spells                   Type           Power        Failure   Level  Hunger
 Shroud of Golubria       Chrm/Tloc      ##........   10%         2    ##.....
 Song of Slaying          Chrm           #.......     12%         2    ##.....
 Mephitic Cloud           Conj/Pois/Air  #.......     28%         3    ###....
 Regeneration             Chrm/Necr      #.........   30%         3    ###....
 Spectral Weapon          Hex/Chrm       #.......     30%         3    ###....


Dungeon Overview and Level Annotations

Branches:
Dungeon (1/15)

Altars:


Message History

You miscast Shock.
You are very lightly contaminated with residual magic.
You feel a strange surge of energy! The jackal barely misses you.
Casting: Shock (safe; 8% risk of failure)
Confirm with . or Enter, or press ? or * to list all spells.
Aiming: Shock (safe; 8% risk of failure)
Press: ? - help, Shift-Dir - straight line, f/p - jackal
Aim: a jackal The zap misses the jackal. x2; The jackal barely misses you.
You closely miss the jackal.
The jackal is heavily wounded.
The jackal bites you but does no damage.
The jackal bites you.
* * * LOW HITPOINT WARNING * * *
You see here 12 gold pieces.
A kobold comes into view.
The kobold shouts!
A giant cockroach comes into view.
The jackal bites you.
You die...

.....h. ....hh. ###
#...#†# #.. #...#h# #.#
#...#?## #.# #.#.## #.#
#?.###.###.# . #.#
##.##.########....
##.###.#.....hh@.....K.
..#..#.#.########..s.
#.#.#.#.# . ##....#.#
#.......############
#..........#.......#
#..........#.#####.#
##....######.# #.#
####.### #.# #.#


You could see 2 jackals, a giant cockroach and a kobold.

Vanquished Creatures
  A dart slug (D:1)
  A goblin (D:1)
  A hobgoblin (D:1)
  2 jackals (D:1)
  A rat (D:1)
6 creatures vanquished.

Notes
Turn   | Place    | Note
-------+----------+-------------------------------------------
     0 | D:1      | Esekla the Deep Elf Wanderer began the quest for the Orb.
     0 | D:1      | Esekla set off with the following items: a potion of
                  | curing, a +0 robe, a +0 dagger, a ration; and the following
                  | spells available to memorise: Infusion, Shock, Shroud of
                  | Golubria, Song of Slaying, Regeneration, Spectral Weapon,
                  | Mephitic Cloud
     0 | D:1      | Reached XP level 1. HP: 10/10 MP: 7/7
     2 | D:1      | Learned a level 1 spell: Infusion
     4 | D:1      | Learned a level 1 spell: Shock
   130 | D:1      | Reached skill level 1 in Dodging
   130 | D:1      | Reached skill level 1 in Conjurations
   136 | D:1      | Reached XP level 2. HP: 3/15 MP: 5/9
   145 | D:1      | Slain by a jackal

Skill      XL: |  1 |
---------------+----+-----
Dodging        | 1 |  1.1
Conjurations   | 1 |  1.1
Short Blades   | |  0.3
Spellcasting   | |  4.4
Charms         | |  1.5
Translocations | |  2.1
Air Magic      | |  2.0
Evocations     | |  2.1

Action                   || total
-------------------------++-------
Melee: Dagger            ||    16
 Cast: Shock             ||     9
Armor: Robe              ||     2
Dodge: Dodged            ||    15
